 Dungeon Crawl Stone Soup version 0.27.1-34-g3ba077fa99 (webtiles) character file.

Game seed: 5825897094725706988

32918 Arum the Fighter (level 14, 0/121 HPs)
             Began as a Formicid Fighter on Jan 14, 2022.
             Was an Initiate of Gozag.
             Slain by a vault guard (17 damage)
             ... on level 14 of the Dungeon.
             The game lasted 00:24:03 (13872 turns).

Arum the Fighter (Formicid Fighter)                Turns: 13872, Time: 00:24:03

Health: 0/121      AC: 16    Str: 24    XL:     14   Next: 5%
Magic:  14/14      EV: 14    Int: 12    God:    Gozag
Gold:   1180       SH: 18    Dex: 11    Spells: 13/13 levels left

rFire    + . .     SeeInvis +   d - +5 quarterstaff (chaos)
rCold    + . .     Faith    .   j - +1 kite shield {rC+}
rNeg     + . .     Spirit   .   r - +0 scale mail "Moupaol" {rElec rPois rF+ Int+4}
rPois    +         Reflect  +   (helmet unavailable)
rElec    +         Harm     .   t - +2 ratskin cloak {*Rats rPois rN+ Str-1 Int-1 Dex+1}
rCorr    .         Rampage  .   g - +2 pair of gloves
Will     ++...                  (no boots)
Stlth    ..........             I - amulet of reflection
HPRegen  0.30/turn              u - ring of willpower
MPRegen  0.14/turn              n - +4 ring of evasion

@: gold aura
A: permanent stasis, dig shafts and tunnels, antennae 3, four strong arms
a: Dig, Shaft Self, Renounce Religion, Potion Petition, Call Merchant, Bribe
Branch


You were on level 14 of the Dungeon.
You worshipped Gozag.
Gozag was most pleased with you.
You visited 1 branch of the dungeon, and saw 14 of its levels.
You also visited: Bailey.

You collected 3609 gold pieces.
You spent 774 gold pieces at shops.
You paid 1655 gold pieces to Gozag.

Inventory:

Hand Weapons
 a - a +0 quarterstaff
 d - a +5 quarterstaff of chaos (weapon)
Missiles
 v - 6 throwing nets
Armour
 c - a +0 kite shield
 g - a +2 pair of gloves (worn)
 j - a +1 kite shield of cold resistance (worn)
 m - a +1 cloak of preservation
 r - the +0 scale mail "Moupaol" (worn) {rElec rPois rF+ Int+4}
   (You bought it in a shop on level 11 of the Dungeon)

   Int:       It affects your intelligence (+4).
   rF:        It protects you from fire.
   rElec:     It insulates you from electricity.
   rPois:     It protects you from poison.
 t - the +2 ratskin cloak (worn) {*Rats rPois rN+ Str-1 Int-1 Dex+1}
   (You found it on level 6 of the Dungeon)

   When the wearer is hurt, rats may emerge from it to assist them.
   Str:       It affects your strength (-1).
   Int:       It affects your intelligence (-1).
   Dex:       It affects your dexterity (+1).
   rPois:     It protects you from poison.
   rN:        It protects you from negative energy.
 E - a scarf of resistance
 F - a scarf of resistance
 H - +1 ice dragon scales
Jewellery
 n - a +4 ring of evasion (right hand)
 u - a ring of willpower (left hand)
 z - a ring of protection from fire
 A - a ring of resist corrosion
 I - an amulet of reflection (around neck)
Wands
 l - a wand of flame (56)
 o - a wand of mindburst (10)
 w - a wand of polymorph (7)
 y - a wand of acid (1)
 K - a wand of paralysis (7)
 L - a wand of iceblast (8)
Scrolls
 p - 7 scrolls of identify
 q - 2 scrolls of enchant armour
 B - a scroll of fear
 J - 2 scrolls of magic mapping
Potions
 b - a potion of resistance
 e - a potion of flight
 f - 5 potions of curing
 h - 2 potions of lignification
 i - 2 potions of might
 k - 5 potions of attraction
 x - 2 potions of brilliance
 C - 2 potions of cancellation
 D - a potion of mutation
 M - a potion of magic


   Skills:
 + Level 14.6 Fighting
 + Level 13.3 Staves
 + Level 12.2 Armour
 - Level 9.0 Shields


You had 13 spell levels left.
You didn't know any spells.
Your spell library contained the following spells:

 Spells                   Type           Power      Damage    Failure   Level
 Freeze                   Ice            0%         1d3       54%         1
 Magic Dart               Conj           0%         1d3       54%         1
 Shock                    Conj/Air       0%         1d3       54%         1
 Call Imp                 Summ           0%         N/A       69%         2
 Ensorcelled Hibernation  Hex/Ice        0%         N/A       69%         2
 Slow                     Hex            0%         N/A       69%         2
 Confusing Touch          Hex            0%         N/A       89%         3
 Frozen Ramparts          Ice            0%         1d2       89%         3
 Lesser Beckoning         Tloc           0%         N/A       89%         3
 Mephitic Cloud           Conj/Pois/Air  0%         N/A       89%         3
 Spider Form              Tmut/Pois      0%         N/A       89%         3
 Vampiric Draining        Necr           0%         2d6       89%         3
 Airstrike                Air            0%         N/A       100%        4
 Hailstorm                Conj/Ice       0%         3d3       100%        4
 Leda's Liquefaction      Hex/Erth       0%         N/A       100%        4
 Bolt of Magma            Conj/Fire/Erth 0%         4d4       100%        5
 Manifold Assault         Tloc           0%         N/A       100%        5
 Shadow Creatures         Summ           N/A        N/A       100%        6
 Statue Form              Tmut/Erth      0%         N/A       100%        6
 Blink                    Tloc           Unusable   N/A       N/A         2
 Swiftness                Air            Unusable   N/A       N/A         3

Dungeon Overview and Level Annotations

Branches:
Dungeon (14/15)            Temple (0/1) D:5            Lair (0/6) D:11
    Orc (0/2) D:12         Vaults (0/5) D:14         Bailey (visited)

Altars:
Ashenzari
Gozag
Makhleb
Uskayaw
Yredelemnul
Zin

Shops:
D:8 [   D:10 !   D:11 [[


Innate Abilities, Weirdness & Mutations

You cannot be hasted, slowed, berserked, paralysed or teleported.
You can dig through walls and to a lower floor.
You have a pair of large antennae on your head. (SInv)
Your four strong arms can wield two-handed weapons with a shield.


Message History

Unknown command.
The vault guard blocks your attack.
The vault guard is severely wounded.
The vault guard completely misses you.
You hit the vault guard.
The vault guard is almost dead.
The vault guard hits you with a +0 war axe!!
* * * LOW HITPOINT WARNING * * *
You feel much better.
The vampire mosquito is no longer distracted by gold.
You block the vault guard's attack.
The vault guard is distracted by your dazzling golden aura.
The vault guard hits you with a +0 war axe!!
* * * LOW HITPOINT WARNING * * *
The vault guard shouts!
You feel much better. You block the vault guard's attack.
The vampire mosquito is distracted by your dazzling golden aura.
You hit the vault guard.
The vault guard is almost dead.
The vault guard hits you with a +0 war axe!!
* * * LOW HITPOINT WARNING * * *
The vault guard is distracted by your dazzling golden aura.
The vault guard shouts!
Unknown command.
Aiming: Corrosive Bolt
Press: ? - help, Shift-Dir - straight line, f - manticore
Aim: a manticore (83% to hit)
The bolt of acid hits the vault guard.
The vault guard is splashed with acid.
The acid corrodes the vault guard!
The vault guard is almost dead.
The bolt of acid hits the vault guard.
The vault guard is splashed with acid.
The vault guard is lightly wounded.
The vault guard is no longer distracted by gold.
The bolt of acid hits the manticore!
The manticore is splashed with acid!
The manticore is moderately wounded.
The vault guard is no longer distracted by gold.
You block the vault guard's attack.
The vault guard hits you with a +0 war axe!
You die...
Your body crumbles into a pile of gold.

{#...#{ ...{ $ #
##'## .# ##...##
..# ##.....##
...#
#....CHy##....#
......{yppp......
#.##..###p######.
.. ##.####@### #
#......r..# ..
#.. #.#######.#
.# #.# #. #.# .#
#.# #.# #.# #.#
#.# #.# #.# #.#
#.# #.# #.###.#
#.# #.....#
#.####


You could see 4 vault guards, a manticore, a cyclops, a vampire mosquito and a
friendly river rat.

Vanquished Creatures
  Erolcha (D:10)
  A boulder beetle (D:14)
  5 hydras
  A centaur warrior (D:13)
  Erica (D:11)
  3 two-headed ogres
  A death yak (D:11)
  A shock serpent (D:14)
  Pikel (D:7)
  2 ugly things (D:13)
  An orc knight (Bailey)
  2 cyclopes (D:13)
  Maurice (D:10)
  An elephant (D:11)
  Joseph (D:9)
  A black mamba (shapeshifter) (D:12)
  A cane toad (D:11)
  A gargoyle (D:12)
  5 rime drakes (D:14)
  An unseen horror (D:11)
  Psyche (D:8)
  A hellwing (D:13)
  A kobold demonologist (D:11)
  A troll (D:12)
  3 raiju (D:14)
  5 slime creatures (D:13)
  Sigmund (D:2)
  A shadow (D:10)
  4 wraiths
  A vampire (D:11)
  32 yaks
  A basilisk (D:12)
  2 wyverns
  4 vampire mosquitoes
  A two-headed ogre zombie (D:11)
  5 water moccasins
  2 acid dragons
  11 orc warriors
  An orc zombie (D:11)
  2 black bears (D:11)
  A sky beast (D:8)
  An ice beast (D:6)
  3 centaurs
  A necrophage (D:6)
  5 ogres
  2 lemures (D:7)
  8 kobold brigands
  2 phantoms
  A bullfrog (D:9)
  2 scorpions (D:5)
  3 gnoll sergeants (D:12)
  A water moccasin skeleton (D:5)
  A water moccasin zombie (D:5)
  2 wyvern skeletons (D:7)
  13 killer bees
  8 wights
  11 howler monkeys
  4 centaur zombies
  A bullfrog zombie (D:6)
  4 jellies
  3 orc priests
  Crazy Yiuf (D:2)
  2 bullfrog skeletons (D:5)
  4 hounds
  2 centaur skeletons (D:5)
  3 gnoll shamans
  Ijyb (D:3)
  6 hell rats (D:6)
  5 iguanas
  A scorpion zombie (D:5)
  6 orc wizards
  2 hound skeletons
  Robin (D:3)
  13 gnolls
  7 adders
  14 river rats (D:6)
  A shadow imp (D:6)
  An ufetubus (D:5)
  An adder skeleton (D:5)
  43 orcs
  10 ball pythons
  6 bats
  3 endoplasms
  4 giant cockroaches
  10 hobgoblins
  2 jackals (D:1)
  2 quokkas
  A frilled lizard (D:3)
  15 goblins
  13 kobolds
  7 rats
376 creatures vanquished.

Vanquished Creatures (collateral kills)
  Harold (D:9)
  A raiju (D:14)
  A basilisk (D:14)
  An orc (D:12)
4 creatures vanquished.

Vanquished Creatures (others)
  A shadow (D:11)
  An orc (D:14)
  A hobgoblin (D:3)
  A plant (D:11)
4 creatures vanquished.

Grand Total: 384 creatures vanquished

Notes
Turn   | Place    | Note
-------+----------+-------------------------------------------
     0 | D:1      | Arum the Formicid Fighter began the quest for the Orb.
     0 | D:1      | Reached XP level 1. HP: 18/18 MP: 1/1
    56 | D:1      | Reached XP level 2. HP: 23/24 MP: 2/2
   341 | D:1      | Reached XP level 3. HP: 30/30 MP: 3/3
  1345 | D:2      | Noticed Sigmund
  1374 | D:2      | Killed Sigmund
  1375 | D:2      | Reached skill level 4 in Fighting
  1375 | D:2      | Reached skill level 5 in Shields
  1375 | D:2      | Reached XP level 4. HP: 35/38 MP: 4/4
  1375 | D:2      | Reached XP level 5. HP: 39/43 MP: 5/5
  1375 | D:2      | Reached XP level 6. HP: 46/50 MP: 6/6
  1420 | D:2      | Found a runed translucent door.
  1421 | D:2      | Noticed Crazy Yiuf
  1427 | D:2      | Killed Crazy Yiuf
  1465 | D:2      | Reached skill level 5 in Fighting
  1800 | D:3      | Found a basalt altar of Yredelemnul.
  1940 | D:3      | Found an opulent altar of Gozag.
  1940 | D:3      | Found a broken altar of Ashenzari.
  1973 | D:3      | Became a worshipper of Gozag Ym Sagoz the Greedy
  2021 | D:3      | Noticed Ijyb
  2029 | D:3      | Killed Ijyb
  2276 | D:3      | Noticed Robin
  2284 | D:3      | Killed Robin
  2285 | D:3      | Reached XP level 7. HP: 56/56 MP: 7/7
  2298 | D:3      | Found a faded altar of an unknown god.
  2707 | D:4      | Found a hide-covered altar of Uskayaw.
  2707 | D:4      | Found a burning altar of Makhleb.
  2790 | D:4      | Noticed a yak
  2790 | D:4      | Noticed a yak
  2817 | D:3      | Killed a yak
  2818 | D:3      | Reached skill level 6 in Fighting
  2818 | D:3      | Reached skill level 5 in Staves
  2818 | D:3      | Reached XP level 8. HP: 52/64 MP: 8/8
  2883 | D:4      | Noticed a yak
  2884 | D:4      | Noticed a yak
  2884 | D:4      | Noticed a yak
  2885 | D:4      | Noticed a yak
  2917 | D:3      | Killed a yak
  2920 | D:3      | Killed a yak
  2969 | D:3      | Killed a yak
  2970 | D:3      | Reached skill level 7 in Fighting
  2974 | D:3      | Killed a yak
  2980 | D:3      | Killed a yak
  2981 | D:3      | Reached XP level 9. HP: 59/72 MP: 9/9
  3643 | D:5      | Entered Level 5 of the Dungeon
  3839 | D:5      | Reached skill level 8 in Fighting
  4754 | D:5      | Noticed a two-headed ogre
  4765 | D:5      | Killed a two-headed ogre
  4766 | D:5      | Reached skill level 9 in Fighting
  4766 | D:5      | Reached XP level 10. HP: 58/83 MP: 10/10
  4947 | D:5      | Found a staircase to the Ecumenical Temple.
  5333 | D:6      | Found Zin's Purification Station.
  5337 | D:6      | Found a glowing silver altar of Zin.
  5393 | D:6      | Bought a potion of curing for 90 gold pieces
  5633 | D:6      | Reached skill level 10 in Fighting
  5802 | D:6      | Found the +2 ratskin cloak {*Rats rPois rN+ Str-1 Int-1
                  | Dex+1}
  6371 | D:7      | Reached skill level 5 in Armour
  6394 | D:7      | Noticed Pikel
  6423 | D:7      | Killed Pikel
  7260 | D:8      | Found Zelasak's Antique Armour Emporium.
  7273 | D:8      | Reached XP level 11. HP: 92/92 MP: 11/11
  7674 | D:8      | Noticed Psyche
  7684 | D:8      | Killed Psyche
  8067 | D:8      | Reached skill level 11 in Fighting
  8144 | D:8      | Reached skill level 10 in Staves
  8219 | D:9      | Noticed Joseph
  8247 | D:9      | Killed Joseph
  8542 | D:9      | Noticed Harold
  8547 | D:9      | Killed Harold
  8975 | D:10     | Entered Level 10 of the Dungeon
  9301 | D:10     | Noticed Maurice
  9304 | D:10     | Found Ivo Cech's Distillery.
  9320 | D:10     | Killed Maurice
  9342 | D:10     | Reached skill level 12 in Fighting
  9542 | D:10     | Bought a potion of curing for 39 gold pieces
  9542 | D:10     | Bought a potion of curing for 39 gold pieces
  9542 | D:10     | Bought a potion of heal wounds for 65 gold pieces
  9542 | D:10     | Bought a potion of might for 52 gold pieces
  9542 | D:10     | Bought a potion of might for 52 gold pieces
  9542 | D:10     | Bought a potion of cancellation for 104 gold pieces
  9619 | D:10     | Reached XP level 12. HP: 67/102 MP: 12/12
  9773 | D:10     | Noticed Erolcha
  9783 | D:10     | Killed Erolcha
 10056 | D:11     | Noticed a death yak
 10057 | D:11     | Found a staircase to the Lair.
 10076 | D:11     | Killed a death yak
 10241 | D:11     | Noticed a four-headed hydra
 10249 | D:11     | Killed a four-headed hydra
 10378 | D:11     | Found a transporter.
 10418 | D:11     | Found a transporter.
 10483 | D:11     | Reached skill level 10 in Armour
 10483 | D:11     | Noticed Erica
 10493 | D:11     | Killed Erica
 10494 | D:11     | Reached skill level 13 in Fighting
 10508 | D:11     | Noticed a two-headed ogre
 10517 | D:11     | Killed a two-headed ogre
 10869 | D:11     | Bought a smoking scale mail for 333 gold pieces
 10869 | D:11     | Identified the +0 scale mail "Moupaol" {rElec rPois rF+
                  | Int+4} (You bought it in a shop on level 11 of the Dungeon)
 11292 | D:12     | Reached XP level 13. HP: 102/111 MP: 13/13
 11298 | D:12     | Found a staircase to the Orcish Mines.
 11395 | D:12     | Found a flagged portal.
 11404 | Bailey   | Entered a bailey
 11755 | Bailey   | Identified the +1 helmet "Zoqufig" {+Blink rPois Regen+
                  | Int-3}
 12370 | D:13     | Noticed a four-headed hydra
 12384 | D:13     | Killed a four-headed hydra
 12519 | D:13     | Reached skill level 14 in Fighting
 12959 | D:13     | Noticed a centaur warrior
 12962 | D:13     | Killed a centaur warrior
 13053 | D:13     | Noticed a six-headed hydra
 13062 | D:13     | Killed a six-headed hydra
 13340 | D:14     | Noticed a five-headed hydra
 13358 | D:14     | Killed a five-headed hydra
 13827 | D:14     | Found a gate to the Vaults.
 13827 | D:14     | Noticed a vault guard
 13827 | D:14     | Noticed a vault guard
 13827 | D:14     | Noticed a vault guard
 13827 | D:14     | Noticed a seven-headed hydra
 13827 | D:14     | Noticed a vault guard
 13827 | D:14     | Noticed a boulder beetle
 13827 | D:14     | Noticed a boulder beetle
 13851 | D:14     | Killed a seven-headed hydra
 13852 | D:14     | Reached XP level 14. HP: 52/121 MP: 14/14
 13872 | D:14     | Slain by a vault guard

Illustrated notes

Levels and vault maps discovered:
D:1:      co_arrival_square_in_a_square_in_a_square, layout_loops_ring
D:2:      layout_basic, serial_glass, glass_columns_b, glass_columns_a,
          uniq_crazy_yiuf_cottage, uniq_sigmund
D:3:      layout_loops_ring, mainiacjoe_overflow_alcove_1,
          chequers_temple_overflow_statue_of_worship,
          shapermc_ecumenical_altar_totnotflames, uniq_ijyb, uniq_robin
D:4:      layout_rooms, mainiacjoe_overflow_divided_tiny, minmay_crystal_room,
          minmay_ogre_servants
D:5:      minmay_thinvault, layout_basic, minmay_temple_entry_fiery,
          st_stairs_3, kennysheep_generic_room_15
D:6:      wander_guarded_unrand_ratskin, layout_basic, zin_purify
D:7:      layout_basic, uniq_pikel
D:8:      layout_basic, serial_shops, nicolae_take_the_stairs, uniq_psyche
D:9:      layout_cave_pools, uniq_joseph, uniq_harold
D:10:     layout_gridville, serial_shops, nicolae_shop_statue_plus,
          uniq_maurice, uniq_erolcha
D:11:     gammafunk_cloud_chamber, layout_cave_pools, david_lair_generic,
          nzn_life_drinkers, uniq_erica
D:12:     layout_roguey, kennysheep_orc_monster_closet_entryway, enter_bailey_2
D:13:     layout_roguey
D:14:     minmay_shoctagon, layout_loops_ring,
          lightli_vaults_fourway_checkpoint, special_room
          [special_room_mythical_zoo], grunt_decor_resistance

Skill      XL: |  1  2  3  4  5  6  7  8  9 10 11 12 13 |
---------------+----------------------------------------+-----
Shields        | 4 5 6 8 9 |  9.0
Fighting       | 4 5 6 7 9 10 12 13 14 | 14.6
Staves         | 3 4 5 6 8 9 10 12 13 | 13.3
Armour         | 6 8 10 12 | 12.2

Action                   |  1- 3 |  4- 6 |  7- 9 | 10-12 | 13-15 || total
-------------------------+-------+-------+-------+-------+-------++-------
Melee: Quarterstaff      |   105 |    61 |   202 |   688 |   303 ||  1359
Invok: Call Merchant     |       |       |       |     2 |       ||     2
 Abil: Dig               |       |       |     1 |    12 |     5 ||    18
Evoke: Wand              |       |       |       |     9 |    22 ||    31
  Use: Potion            |       |     1 |       |     2 |     5 ||     8
       Scroll            |       |       |     8 |    13 |     1 ||    22
 Stab: Paralysed         |       |       |       |     3 |     1 ||     4
       Distracted        |       |       |       |     2 |     2 ||     4
       Confused          |       |       |       |     6 |     1 ||     7
Armor: Scale mail        |    43 |    19 |    28 |   124 |    42 ||   256
Dodge: Dodged            |    42 |    18 |    84 |   217 |    77 ||   438
Block: Kite shield       |    55 |    25 |    93 |   271 |   179 ||   623
       Reflection        |       |       |       |       |     9 ||     9
